Map: Invader LE

Players

SouLeer

  • Race: Zerg Zerg
  • League: Master

Miszu - Winner!

  • Race: Terran Terran
  • League: Master

VOD

Have the link to the VOD?

Description

Time

  • Played on: March 29, 2016, 4:28 p.m.
  • Length: 12:25
Show
View Real Time Build Order
Export as new Build Order

SouLeer Zerg 

Build Orders: Pool First 

Get SALT Encoding   

  12  0:01  Drone  
  13  0:12  Overlord  
  13  0:18  Drone  
  14  0:31  Drone x2  
  14  0:32  Extractor  
  15  0:37  Drone  
  16  0:47  Spawning Pool  
  15  0:52  Drone  
  16  0:57  Drone  
  17  1:21  Hatchery  
  16  1:35  Metabolic Boost  
  16  1:37  Zergling x4  
  18  1:40  Zergling x2  
  19  1:54  Queen  
  19  2:01  Overlord  
  21  2:07  Zergling x2  
  22  2:21  Roach Warren, Zergling x2  
  22  2:40  Overlord  
  21  3:08  Roach x5  
  21  3:09  Roach  
  33  3:14  Roach  
  33  3:19  Zergling x2  
  36  3:22  Zergling x2  
  36  3:26  Zergling x2  
  38  3:32  Zergling x2  
  39  3:36  Ravager  
  39  3:37  Ravager  
  41  3:42  Zergling x4  
  41  3:47  Zergling x2  
  44  3:54  Overlord  
  44  4:13  Ravager  
  44  4:15  Zergling x8  
  49  4:26  Ravager  
  49  4:28  Zergling x4  
  40  4:46  Zergling x10  
  43  4:57  Zergling x4  
  42  5:04  Zergling x4  
  41  5:12  Zergling x4  
  35  5:20  Drone  
  35  5:21  Drone  
  32  5:25  Drone  
  31  5:32  Drone  
  29  5:38  Drone x2  
  28  5:45  Drone x2  
  28  5:48  Drone  
  29  5:54  Drone  
  28  6:01  Lair  
  27  6:08  Queen  
  29  6:14  Spore Crawler  
  28  6:18  Extractor, Spore Crawler  
  28  6:21  Drone  
  28  6:22  Drone  
  28  6:26  Drone  
  28  6:28  Drone  
  28  6:31  Drone  
  31  6:34  Drone  
  31  6:37  Drone  
  33  6:41  Drone  
  34  6:48  Drone x3  
  36  7:03  Queen  
  39  7:11  Spire  
  39  7:14  Spore Crawler  
  37  7:17  Drone  
  37  7:18  Drone  
  39  7:28  Drone x3  
  38  7:43  Overseer  
  37  7:50  Overlord  
  35  8:04  Hatchery  
  34  8:11  Extractor  
  34  8:12  Drone  
  34  8:24  Mutalisk x5  
  44  8:28  Drone  
  45  8:38  Mutalisk  
  47  8:52  Hatchery  
  44  9:03  Mutalisk  
  46  9:11  Drone x2  
  46  9:15  Queen  
  46  9:16  Extractor  
  46  9:17  Mutalisk  
  51  9:27  Mutalisk  
  51  9:41  Mutalisk  
  53  9:46  Drone  
  54  9:55  Overlord  
  54  10:06  Baneling Nest  
  53  10:07  Overlord  
  53  10:09  Overlord  
  53  10:14  Burrow  
  53  10:23  Drone x2  
  53  10:24  Drone  
  53  10:27  Drone  
  57  10:30  Drone  
  58  10:38  Mutalisk  
  58  10:41  Mutalisk  
  60  10:46  Mutalisk  
  62  10:52  Zergling x6  
  62  10:54  Zergling x2  
  62  10:56  Zergling x2  
  61  11:21  Baneling x5  
  61  11:22  Baneling x5  
  61  11:26  Mutalisk x3  
  61  11:30  Zergling x2  
  68  11:33  Overlord  
  68  11:59  Overlord x2  
  68  12:02  Overlord x2  
  68  12:06  Overlord  
  68  12:08  Baneling x10  
Show
View Real Time Build Order
Export as new Build Order

Miszu Terran - Winner!

Build Orders: Reaper Expand 

Get SALT Encoding   

  12  0:00  SCV  
  13  0:12  SCV  
  14  0:18  Supply Depot  
  14  0:25  SCV  
  15  0:40  SCV  
  15  0:41  Barracks  
  16  0:44  Refinery  
  16  0:52  SCV  
  17  1:04  SCV  
  19  1:28  Reaper, Orbital Command  
  19  1:40  Command Center  
  19  1:47  Refinery  
  19  1:53  SCV  
  20  1:57  Supply Depot  
  20  2:02  Barracks Reactor  
  20  2:07  SCV  
  21  2:19  SCV  
  21  2:21  Factory  
  22  2:32  SCV  
  23  2:40  Marine x2  
  23  2:44  SCV  
  25  2:56  SCV  
  26  2:58  Marine x2  
  28  3:08  SCV  
  28  3:11  Factory Tech Lab  
  29  3:12  Starport  
  29  3:23  SCV  
  30  3:29  Bunker  
  30  3:35  SCV  
  30  3:36  Siege Tank  
  34  3:44  Orbital Command  
  34  3:47  SCV  
  35  3:54  Supply Depot  
  35  3:57  Supply Depot  
  35  4:01  SCV  
  38  4:10  SCV  
  38  4:13  SCV  
  38  4:22  Factory Tech Lab, Banshee  
  42  4:28  Marine x2  
  42  4:31  Cloaking Field  
  43  4:34  Supply Depot, SCV  
  44  4:42  Orbital Command  
  40  4:46  SCV  
  38  4:54  Marine  
  38  4:55  Marine  
  38  4:58  SCV  
  36  5:05  Banshee  
  30  5:10  SCV x2  
  27  5:22  SCV  
  27  5:23  SCV  
  27  5:24  Marine  
  24  5:35  Marine  
  24  5:42  SCV, Orbital Command  
  17  5:43  SCV  
  17  5:55  SCV  
  18  5:57  Orbital Command  
  16  6:07  SCV  
  17  6:13  Supply Depot  
  17  6:19  SCV  
  17  6:23  SCV, Banshee  
  22  6:31  SCV  
  23  6:35  SCV  
  24  6:43  SCV  
  25  6:47  SCV  
  26  6:55  SCV  
  26  6:59  SCV  
  28  7:06  Banshee  
  28  7:07  SCV  
  32  7:09  Supply Depot  
  32  7:11  SCV  
  32  7:15  Siege Tank  
  36  7:17  Marine x2  
  36  7:19  SCV  
  39  7:25  Orbital Command  
  39  7:29  Supply Depot  
  39  7:31  SCV  
  37  7:43  SCV  
  38  7:52  SCV  
  38  7:55  Barracks  
  38  7:56  SCV  
  38  7:57  Barracks  
  40  8:03  Marine  
  40  8:04  SCV  
  43  8:08  SCV  
  44  8:16  Engineering Bay, SCV  
  44  8:17  Starport Reactor  
  44  8:18  Widow Mine  
  46  8:20  SCV  
  47  8:28  SCV  
  47  8:32  SCV  
  49  8:36  Marine x2  
  49  8:40  SCV  
  52  8:44  SCV  
  52  8:46  Marine  
  54  8:52  SCV  
  54  8:54  Marine  
  53  8:56  SCV  
  53  9:01  Marine, Missile Turret  
  53  9:02  Marine, Widow Mine, Missile Turret  
  53  9:04  Marine  
  53  9:08  SCV  
  57  9:12  SCV  
  57  9:15  Marine  
  59  9:19  Marine  
  59  9:20  Marauder, SCV  
  59  9:22  Marine  
  64  9:27  Stimpack  
  63  9:33  Marine  
  63  9:34  SCV  
  63  9:35  Medivac x2  
  63  9:37  Marine  
  68  9:40  Marine, SCV  
  68  9:41  Marine  
  71  9:46  SCV  
  68  9:59  SCV x2  
  67  10:01  Marine x3  
  67  10:02  Refinery  
  67  10:03  Refinery  
  67  10:05  Medivac  
  71  10:11  SCV x2  
  75  10:15  Widow Mine  
  75  10:21  Supply Depot  
  74  10:23  Marine, SCV  
  74  10:24  Marine x2, SCV  
  78  10:30  Supply Depot  
  78  10:32  Marine  
  79  10:35  SCV  
  79  10:40  Medivac  
  79  10:41  Marine, SCV  
  79  10:42  Marine x2  
  86  10:48  SCV  
  87  10:50  Marine  
  87  10:53  SCV  
  89  10:59  Marine  
  89  11:00  Marine x2, SCV  
  89  11:01  Command Center  
  92  11:04  Supply Depot  
  92  11:05  Supply Depot, SCV  
  92  11:08  Marine  
  92  11:09  Supply Depot  
  92  11:10  Supply Depot  
  89  11:17  Marine x3  
  89  11:22  Medivac x2  
  93  11:25  Marine  
  93  11:29  Command Center  
  94  11:35  Marine x3  
  96  11:43  Marine  
  98  11:47  SCV x2  
  98  11:52  Marine  
  98  11:53  Marine x2  
  104  12:01  Marine  
  104  12:05  Supply Depot  
  107  12:09  Supply Depot  
Tags
 
Add a new tag
Caveats
  • Supply blocks, unpowered buildings, or Contaminate may cause inaccurate times.
  • Supply counts are checked every 10 seconds.